 Dungeon Crawl Stone Soup version 0.20.1-1-g8b1a95d (webtiles) character file.

1207 letownia2 the Reanimator (level 8, -2/62 HPs)
             Began as a Deep Dwarf Necromancer on Nov 1, 2017.
             Was an Initiate of Gozag.
             Slain by a worker ant (3 damage)
             ... on level 5 of the Dungeon.
             The game lasted 00:14:04 (4324 turns).

letownia2 the Reanimator (Deep Dwarf Necromancer)   Turns: 4324, Time: 00:14:05

Health: -2/62      AC:  7    Str: 12    XL:     8   Next: 21%
Magic:  12/12      EV:  7    Int: 18    God:    Gozag
Gold:   755        SH:  0    Dex: 13    Spells: 9/13 levels left

rFire    . . .     SeeInvis .   i - +0 hand axe (vamp)
rCold    . . .     Gourm    .   (no shield)
rNeg     . . .     Faith    .   p - +0 scale mail
rPois    .         Spirit   .   (no helmet)
rElec    .         Reflect  .   (no cloak)
rCorr    .         Harm     .   (no gloves)
MR       +....     Rnd*Rage +   (no boots)
Stlth    +.........             (no amulet)
Regen    0.0/turn               l - -2 ring of evasion (curse)
MPRegen  0.2/turn               (no ring)

@: lethally poisoned (-2 -> -2), non-regenerating
A: damage resistance, heal wounds, berserk 1, deterioration 1, sense
surroundings 1, no regeneration
a: Heal Wounds, Potion Petition, Call Merchant, Bribe Branch, Renounce Religion


You were on level 5 of the Dungeon.
You worshipped Gozag.
Gozag was pleased with you.
You were not hungry.

You visited 1 branch of the dungeon, and saw 5 of its levels.
You also visited: Ossuary.

You collected 842 gold pieces.
You paid 87 gold pieces to Gozag.

Inventory:

Hand Weapons
 a - a +0 short sword
 g - a +0 mace of protection
 i - a +0 vampiric hand axe (weapon)
 y - a +0 war axe of distortion
Missiles
 z - 2 tomahawks (quivered)
Armour
 m - a +0 robe
 p - a +0 scale mail (worn)
Jewellery
 j - an uncursed ring of ice
 l - a cursed -2 ring of evasion (left hand)
Scrolls
 e - a scroll of amnesia {unknown}
 h - a scroll of fear {unknown}
 o - 3 scrolls of teleportation {unknown}
 q - 7 scrolls of identify {unknown}
 s - a scroll of acquirement {unknown}
 t - 2 scrolls of magic mapping {unknown}
 u - 2 scrolls of enchant armour {unknown}
 B - 2 scrolls of recharging {unknown}
 D - 4 scrolls of remove curse {unknown}
Potions
 d - a potion of berserk rage {unknown}
 f - 3 potions of might
 r - a potion of brilliance {unknown}
 v - a potion of heal wounds
 w - 2 potions of lignification {unknown}
 x - a potion of flight {unknown}
 A - 4 potions of agility
 C - 3 potions of mutation {unknown}
 E - 3 potions of cancellation {unknown}
 F - a potion of invisibility {unknown}
 G - 2 potions of resistance {unknown}
 H - 2 potions of magic {unknown}
Books
 b - a book of Necromancy

   Spells                             Type                      Level
   a - Pain                           Necromancy                   1
   b - Animate Skeleton               Necromancy                   1
   c - Vampiric Draining              Necromancy                   3
   d - Regeneration                   Charms/Necromancy            3
   e - Animate Dead                   Necromancy                   4
   f - Control Undead                 Necromancy                   4
Comestibles
 c - a bread ration
 k - a royal jelly
 n - 5 fruits


   Skills:
 + Level 4.6 Axes
 - Level 3.8 Armour
 - Level 2.1 Dodging
 - Level 2.4 Stealth
 - Level 3.1 Spellcasting
 + Level 9.1 Necromancy


You had 9 spell levels left.
You knew the following spells:

 Your Spells              Type           Power        Failure   Level  Hunger
a - Pain                  Necr           ####         1%          1    None
v - Vampiric Draining     Necr           #####.....   5%          3    ###....


Dungeon Overview and Level Annotations

Branches:
Dungeon (5/15)             Temple (0/1) D:4

Altars:
Ashenzari
Gozag
Hepliaklqana
Nemelex Xobeh
Okawaru
Ru
Sif Muna
Trog
Uskayaw
Vehumet

Annotations:
D:2 DIG D3
D:3 Grinder


Innate Abilities, Weirdness & Mutations

You are resistant to damage.
You can heal yourself by infusing magical energy.
You passively map a small area around you.
You do not regenerate.
You tend to lose your temper in combat.
Your body sometimes deteriorates upon taking damage.


Message History

The worker ant bites you.
* * * LOW HITPOINT WARNING * * *
The worker ant bites you but does no damage.
You closely miss the worker ant.
The worker ant is severely wounded.
The worker ant barely misses you.
You hit the worker ant but do no damage.
The worker ant is severely wounded.
The worker ant bites you.
* * * LOW HITPOINT WARNING * * *
You barely miss the worker ant.
The worker ant is severely wounded.
The worker ant bites you but does no damage.
You don't have the energy to cast that spell.
You eat one of the 2 royal jellies.
That royal jelly was delicious!
The worker ant bites you.
* * * LOW HITPOINT WARNING * * *
The worker ant bites you.
You die...
Your body crumbles into a pile of gold.

#######
#.....#
#.....######
** *
#..........#
#.....####..
.### #.....#
, .....
#.....# *
#...####...##
*
*#...a@....##
* #.$.#####.#
#.... #.#
.... ##'## ,
... ##...##
.# *
*##.....## ,
,##.......##
#.........# ,
+.........+
,,


You could see a worker ant.

Vanquished Creatures
  Menkaure (D:5)
  An ice beast (D:5)
  An ogre (D:4)
  5 water moccasin zombies (Ossuary)
  3 jellies (D:5)
  2 bullfrog skeletons
  An iguana (D:4)
  Terence (D:2)
  3 worker ants
  3 big kobold zombies (Ossuary)
  A hound zombie (D:4)
  2 mummies (Ossuary)
  A gnoll (D:1)
  4 adders
  5 adder zombies
  3 dart slugs
  6 leopard geckos
  An orc (D:4)
  3 ball pythons
  3 giant cockroaches
  8 hobgoblins
  10 jackals (D:3)
  A quokka (D:5)
  7 bats
  2 frilled lizards
  A gnoll zombie (Ossuary)
  7 goblins
  4 hobgoblin zombies (Ossuary)
  9 kobolds
  4 kobold zombies (Ossuary)
  3 orc zombies (Ossuary)
  7 rats
  A rat zombie (D:5)
114 creatures vanquished.

Vanquished Creatures (others)
  3 water moccasin zombies (Ossuary)
  A hobgoblin zombie (Ossuary)
  A kobold zombie (Ossuary)
5 creatures vanquished.

Grand Total: 119 creatures vanquished

Notes
Turn   | Place    | Note
-------+----------+-------------------------------------------
     0 | D:1      | letownia2 the Deep Dwarf Necromancer began the quest for the Orb.
     0 | D:1      | Reached XP level 1. HP: 15/15 MP: 3/3
   203 | D:2      | Found a sacrificial altar of Ru.
   208 | D:2      | Noticed Terence
   227 | D:2      | Found an iron altar of Okawaru.
   363 | D:2      | Reached XP level 2. HP: 22/22 MP: 3/5
   365 | D:2      | Found a bloodstained altar of Trog.
   495 | D:2      | Killed Terence
   495 | D:2      | Reached skill level 5 in Necromancy
   495 | D:2      | Reached XP level 3. HP: 24/28 MP: 1/6
   504 | D:2      | Learned a level 3 spell: Vampiric Draining
   772 | D:2      | Reached skill level 1 in Armour
   972 | D:3      | Noticed Grinder
   975 | D:3      | Reached XP level 4. HP: 33/36 MP: 3/7
  1419 | D:4      | Reached skill level 6 in Necromancy
  1457 | D:4      | Found a sparkling altar of Nemelex Xobeh.
  1457 | D:4      | Found an opulent altar of Gozag.
  1463 | D:4      | Became a worshipper of Gozag Ym Sagoz the Greedy
  1556 | D:3      | Reached XP level 5. HP: 20/42 MP: 3/8
  1806 | D:2      | Found a shattered altar of Ashenzari.
  1824 | D:2      | Found a hazy altar of Hepliaklqana.
  1891 | D:2      | Found a radiant altar of Vehumet.
  1927 | D:2      | Found a hide-covered altar of Uskayaw.
  2320 | D:4      | Found a staircase to the Ecumenical Temple.
  2407 | D:3      | Found a deep blue altar of Sif Muna.
  3057 | D:3      | Paralysed by Grinder for 4 turns
  3103 | D:5      | Entered Level 5 of the Dungeon
  3207 | D:5      | Noticed Menkaure
  3219 | D:5      | Killed Menkaure
  3219 | D:5      | Reached skill level 7 in Necromancy
  3219 | D:5      | Reached XP level 6. HP: 8/49 MP: 10/10
  3337 | D:5      | Noticed an ice beast
  3392 | D:5      | Killed an ice beast
  3423 | D:5      | Reached XP level 7. HP: 24/55 MP: 1/11
  3504 | D:5      | Found a sand-covered staircase.
  3514 | Ossuary  | Entered an ossuary
  3573 | Ossuary  | Reached skill level 1 in Axes
  3594 | Ossuary  | Reached skill level 8 in Necromancy
  3708 | Ossuary  | HP: 1/55 [mummy (9)]
  3714 | Ossuary  | Reached XP level 8. HP: 37/62 MP: 12/12
  3837 | D:3      | Gained mutation: You tend to lose your temper in combat. [mutagenic glow]
  3889 | D:3      | Gained mutation: Your body sometimes deteriorates upon taking damage. [mutagenic glow]
  3933 | D:4      | Reached skill level 9 in Necromancy
  4322 | D:5      | HP: 3/62 [worker ant (1)]
  4324 | D:5      | HP: 1/62 [worker ant (2)]
  4324 | D:5      | Slain by a worker ant

Skill      XL: |  1  2  3  4  5  6  7  8 |
---------------+-------------------------+-----
Spellcasting   | 2 3 |  3.1
Necromancy     | 5 6 7 8 9 |  9.1
Armour         | 1 2 3 |  3.8
Axes           | 3 4 |  4.6
Dodging        | |  2.1
Stealth        | |  2.4

Action                   |  1- 3 |  4- 6 |  7- 9 || total
-------------------------+-------+-------+-------++-------
Melee: Unarmed           |     1 |       |       ||     1
       Short sword       |     4 |     9 |       ||    13
       War axe           |       |     6 |   110 ||   116
       Hand axe          |       |       |    34 ||    34
Throw: Tomahawk          |       |       |     1 ||     1
 Cast: Pain              |    49 |    86 |     1 ||   136
       Vampiric Draining |     4 |     9 |     8 ||    21
  Use: Potion            |       |       |     4 ||     4
 Stab: Distracted        |       |       |     1 ||     1
  Eat: Chunk             |     1 |     2 |       ||     3
       Meat ration       |       |     1 |       ||     1
       Royal jelly       |       |     1 |     2 ||     3
       Bread ration      |       |       |     1 ||     1
Armor: Robe              |     6 |     2 |       ||     8
       Scale mail        |       |     9 |    73 ||    82
Dodge: Dodged            |    16 |    17 |    48 ||    81
